 Dungeon Crawl Stone Soup version 0.18.1-48-g4cf74bf (webtiles) character file.

2704 nikopol the Cleaver (level 9, -9/81 HPs)
             Began as a Minotaur Berserker on Aug 18, 2016.
             Was an Elder of Trog.
             Mangled by an orc warrior
             ... wielding a +0 glaive
              (11 damage)
             ... on level 6 of the Dungeon.
             The game lasted 00:12:09 (5367 turns).

nikopol the Cleaver (Minotaur Berserker)            Turns: 5367, Time: 00:12:09

Health: -9/81      AC:  6    Str: 19    XL:     9   Next: 39%
Magic:  8/8        EV: 14    Int:  4    God:    Trog [****..]
Gold:   332        SH:  0    Dex: 12    Spells: 0 memorised, 8 levels left

rFire  + . .     SeeInvis .     a - +0 hand axe
rCold  . . .     Gourm    .     e - +0 ring mail (curse)
rNeg   . . .     Faith    .     (no shield)
rPois  .         Spirit   .     (helmet restricted)
rElec  .         Dismiss  .     (no cloak)
rCorr  .         Reflect  .     (no gloves)
SustAt .         Harm     .     (no boots)
MR     .....                    (no amulet)
Stlth  +.........               y - -4 ring of strength (curse)
                                d - ring of protection from fire

@: exhausted, slowed, very slow, not resistant to hostile enchantments, very
unstealthy
A: retaliatory headbutt, horns 2
a: Berserk, Trog's Hand, Brothers in Arms, Burn Spellbooks, Renounce Religion


You were on level 6 of the Dungeon.
You worshipped Trog.
Trog was greatly pleased with you.
You were hungry.

You visited 1 branch of the dungeon, and saw 6 of its levels.

You collected 332 gold pieces.

Inventory:

Hand Weapons
 a - a +0 hand axe (weapon)
 z - a +0 shortbow
Missiles
 i - 114 arrows
Armour
 b - a +0 animal skin
 e - a cursed +0 ring mail (worn)
 r - a cursed +0 scale mail
Jewellery
 d - a ring of protection from fire (left hand)
 y - a cursed -4 ring of strength (right hand)
Wands
 B - a wand of digging (13/24)
Scrolls
 f - 3 scrolls of teleportation {unknown}
 j - 2 scrolls of identify {unknown}
 k - a scroll of amnesia {unknown}
 n - 3 scrolls of remove curse {unknown}
 o - 3 scrolls of immolation {unknown}
 s - 2 scrolls of recharging {unknown}
 t - a scroll of enchant armour {unknown}
 A - a scroll of random uselessness {unknown}
 C - a scroll of fear {unknown}
 D - a scroll of enchant weapon {unknown}
 E - 2 scrolls of blinking {unknown}
 G - a scroll of vulnerability {unknown}
Potions
 g - 3 potions of flight {unknown}
 h - a potion of agility {unknown}
 l - 2 potions of lignification {unknown}
 m - a potion of cure mutation {unknown}
 q - a potion of ambrosia {unknown}
 u - 4 potions of curing {unknown}
 v - a potion of mutation {unknown}
 w - a potion of brilliance {unknown}
 x - a potion of magic {unknown}
 F - a potion of heal wounds {unknown}
 J - a potion of beneficial mutation {unknown}
Comestibles
 c - 4 bread rations
 p - 3 meat rations
 H - a chunk of flesh
 I - a slice of pizza
 K - 3 fruits


   Skills:
 + Level 8.1 Fighting
 * Level 8.6 Axes
 * Level 3.7 Bows
 + Level 7.8 Armour
 + Level 6.9 Dodging


You had 8 spell levels left.
You didn't know any spells.

Dungeon Overview and Level Annotations

Branches:
Dungeon (6/15)             Temple (0/1) D:4

Altars:
Gozag
Nemelex Xobeh
Pakellas
Ru
Vehumet
Xom

Shops:
D:6 (


Innate Abilities, Weirdness & Mutations

You reflexively headbutt those who attack you in melee.
You have a pair of horns on your head.


Message History

Something hits you but does no damage.
You bump into the rock wall.
You feel less confused.
An orc wizard appears from thin air!
Reactivating autopickup.
The orc wizard hits you with a dagger.
* * * LOW HITPOINT WARNING * * *
The worker ant zombie bites you but does no damage.
The orc warrior barely misses you. You furiously retaliate!
You headbutt the orc warrior!
The worker ant zombie barely misses you.
The orc wizard gestures at you while chanting.
The puff of flame hits you! You resist.
* * * LOW HITPOINT WARNING * * *
You barely miss the orc wizard.
The orc wizard is severely wounded.
You hit the worker ant zombie. You closely miss the orc warrior.
The orc warrior is almost dead.
The orc warrior hits you with a glaive!
You die...

#....#......
#...........
#..........
#..).......
#.((.(((.(.
#...##.....
##...# ##..
#..o## # #..o@#
#..Z.## #.....#
#.....## #...{..#
### ##......##
#.## #........#
##.# #........##
#.####.........##


You could see an orc warrior, an orc wizard and a worker ant zombie.

Vanquished Creatures
  Pikel (D:4)
  Grinder (D:3)
  Sigmund (D:4)
  A water moccasin (D:6)
  An orc warrior (D:5)
  A sky beast (D:6)
  A black bear (D:4)
  An ice beast (D:6)
  A phantom (D:6)
  A slave (D:4)
  A centaur (D:5)
  A crocodile (D:6)
  A giant frog (D:6)
  A howler monkey (D:4)
  2 crimson imps
  A centaur zombie (D:5)
  2 hounds (D:4)
  2 jellies (D:5)
  A quasit (D:6)
  6 orc priests
  11 orc wizards
  An iguana (D:6)
  5 worker ants
  2 hound skeletons (D:4)
  Robin (D:3)
  5 adders
  2 adder zombies (D:6)
  3 worms
  An adder skeleton (D:5)
  A dart slug (D:2)
  7 giant geckos
  30 orcs
  3 giant cockroaches
  8 goblins
  10 hobgoblins
  9 jackals
  5 kobolds
  4 quokkas
  2 ball pythons
  8 bats
  6 giant newts
  A quokka skeleton (D:4)
  7 rats
160 creatures vanquished.

Vanquished Creatures (others)
  A jackal (D:3)
1 creature vanquished.

Grand Total: 161 creatures vanquished

Notes
Turn   | Place    | Note
--------------------------------------------------------------
     0 | D:1      | nikopol the Minotaur Berserker began the quest for the Orb.
     0 | D:1      | Reached XP level 1. HP: 19/19 MP: 0/0
    29 | D:1      | Reached XP level 2. HP: 16/27 MP: 1/1
   460 | D:1      | Reached ** piety under Trog
   716 | D:2      | Found a faded altar to an unknown god.
   724 | D:2      | Reached XP level 3. HP: 33/33 MP: 2/2
   757 | D:2      | Found a sparkling altar of Nemelex Xobeh.
   926 | D:2      | Found a radiant altar of Vehumet.
  1173 | D:2      | Reached XP level 4. HP: 33/41 MP: 3/3
  1347 | D:3      | Reached XP level 5. HP: 15/47 MP: 4/4
  1630 | D:3      | Found an opulent altar of Gozag.
  1639 | D:3      | Reached *** piety under Trog
  1759 | D:3      | Noticed Grinder
  1773 | D:3      | Reached skill level 5 in Fighting
  1784 | D:3      | Killed Grinder
  1784 | D:3      | Reached skill level 5 in Axes
  1784 | D:3      | Reached XP level 6. HP: 12/56 MP: 5/5
  2132 | D:3      | Noticed Robin
  2143 | D:3      | Killed Robin
  2349 | D:3      | Reached skill level 5 in Armour
  2490 | D:4      | Reached XP level 7. HP: 59/62 MP: 6/6
  2534 | D:4      | Found a staircase to the Ecumenical Temple.
  2548 | D:4      | Reached **** piety under Trog
  2548 | D:4      | Reached skill level 5 in Dodging
  2764 | D:4      | Noticed Pikel
  2778 | D:4      | Killed Pikel
  2778 | D:4      | Reached XP level 8. HP: 50/73 MP: 7/7
  3023 | D:4      | Found an oddly glowing altar of Pakellas.
  3035 | D:4      | Noticed Sigmund
  3046 | D:4      | Killed Sigmund
  3225 | D:5      | Entered Level 5 of the Dungeon
  3611 | D:5      | Reached skill level 1 in Bows
  4072 | D:5      | Reached XP level 9. HP: 8/80 MP: 8/8
  4763 | D:6      | Received a gift from Trog
  4798 | D:6      | Found Posujum's Weapon Emporium.
  5033 | D:6      | Found a sacrificial altar of Ru.
  5047 | D:6      | Found a shimmering altar of Xom.
  5365 | D:6      | HP: 3/81 [orc warrior/glaive (26)]
  5366 | D:6      | HP: 1/81 [orc wizard/puff of flame (1)]
  5367 | D:6      | Mangled by an orc warrior

Skill      XL: |  1  2  3  4  5  6  7  8  9 |
---------------+----------------------------+-----
Armour         | 3 4 5 6 7 |  7.8
Fighting       | 4 5 7 8 |  8.1
Dodging        | 3 4 5 6 |  6.9
Axes           | 4 5 6 7 8 |  8.6
Bows           | 2 3 |  3.7

Action                   |  1- 3 |  4- 6 |  7- 9 || total
-------------------------+-------+-------+-------++-------
Melee: Hand axe          |   106 |   114 |   229 ||   449
       Headbutt          |    11 |    26 |    38 ||    75
 Fire: Shortbow          |       |       |   121 ||   121
Invok: Berserk           |       |     2 |     4 ||     6
  Eat: Chunk             |     1 |     6 |    13 ||    20
Armor: Animal skin       |     6 |       |       ||     6
       Ring mail         |    33 |    38 |    93 ||   164
Dodge: Dodged            |    60 |    75 |   150 ||   285
